 Dungeon Crawl Stone Soup version 0.31-a0-1005-gfbdfbac (webtiles) character file.

Game seed: 11491143863440684440

142 Partyfoot the Shield-Bearer (level 5, -6/32 (42) HPs)
             Began as a Formicid Fighter on Nov 11, 2023.
             Mangled by a wight
             ... wielding a +0 spear
              (8 damage)
             ... on level 4 of the Dungeon.
             The game lasted 00:05:28 (2430 turns).

Partyfoot the Shield-Bearer (Formicid Fighter)      Turns: 2430, Time: 00:05:28

HP:   -6/32 (42)    AC: 10    Str: 21    XL:     5   Next: 49%
MP:   5/5           EV:  9    Int:  7    God:
Gold: 118           SH:  5    Dex: 15    Spells: 4/4 levels left

rFire   . . .        a - +0 quarterstaff
rCold   . . .        c - +0 buckler
rNeg    . . .        b - +0 scale mail
rPois   .            (helmet unavailable)
rElec   .            k - +1 cloak
rCorr   .            (no gloves)
SInv    +            m - +0 pair of boots
Will    .....        (no amulet) Stlth
                     (no ring)
HPRegen 0.25/turn    (no ring)
MPRegen 0.09/turn

%: no passive effects
@: heavily drained
A: permanent stasis, dig shafts and tunnels, antennae 3, four strong arms
a: Dig, Shaft Self


You were on level 4 of the Dungeon.
You visited 1 branch of the dungeon, and saw 4 of its levels.

You collected 118 gold pieces.

Inventory:

Hand Weapons
 a - a +0 quarterstaff (weapon)
Missiles
 e - 54 stones
 o - 6 silver javelins
Armour
 b - a +0 scale mail (worn)
 c - a +0 buckler (worn)
 k - a +1 cloak (worn)
 m - a +0 pair of boots (worn)
Jewellery
 n - a ring of fire
Wands
 r - a wand of digging (6)
Scrolls
 f - 2 scrolls of amnesia {unknown}
 g - a scroll of vulnerability {unknown}
 i - a scroll of blinking {unknown}
 l - a scroll of silence {unknown}
Potions
 d - 2 potions of might
 h - 2 potions of mutation {unknown}
 j - a potion of heal wounds {unknown}
 p - a potion of curing {unknown}
 q - a potion of magic {unknown}


   Skills:
 + Level 4.2 Fighting
 + Level 3.0 Staves
 + Level 4.2 Armour
 + Level 5.1 Shields


You had 4 spell levels left.
You didn't know any spells.
Your spell library was empty.

Dungeon Overview and Level Annotations

Branches:
Dungeon (4/15)
 Temple: D:4-7

Altars:
The Shining One

Shops:
D:2 =


Innate Abilities, Weirdness & Mutations

You cannot be hasted, slowed, berserked, paralysed or teleported.
You can dig through walls and to a lower floor.
You have a pair of large antennae on your head. (SInv)
Your four strong arms can wield two-handed weapons with a shield.


Message History

2 wights come into view.
You retract your mandibles.
You barely miss the wight. The wight barely misses you.
The wight closely misses you.
You hit the wight.
The wight is lightly damaged.
The wight hits you but does no damage. You block the wight's attack.
The wight hits you but does no damage.
You hit the wight but do no damage. You block the wight's attack.
The wight hits you with a +1 hand axe. The wight closely misses you.
You hit the wight but do no damage. The wight hits you but does no damage.
The wight barely misses you. x2
You barely miss the wight. The wight closely misses you.
You block the wight's attack. The wight hits you but does no damage.
You barely miss the wight. The wight hits you but does no damage.
The wight closely misses you.
The wight hits you from afar with a +0 spear.
You feel drained. The wight barely misses you.
The wight hits you with a +0 scimitar.
You closely miss the wight.
The wight hits you from afar with a +0 spear.
The wight hits you with a +0 scimitar.
You feel drained. You block the wight's attack.
The wight hits you but does no damage.
You hit the wight but do no damage. The wight closely misses you.
The wight hits you with a +1 hand axe.
* * * LOW HITPOINT WARNING * * *
You feel drained.
* * * LOW HITPOINT WARNING * * *
You block the wight's attack.
You closely miss the wight. The wight hits you with a +0 scimitar!
* * * LOW HITPOINT WARNING * * *
You block the wight's attack. The wight completely misses you.
You hit the wight but do no damage. The wight closely misses you.
The wight barely misses you. The wight misses you.
You sock the wight!
The wight is heavily damaged.
You block the wight's attack. The wight completely misses you.
The wight hits you but does no damage. x2; The wight closely misses you.
The wight hits you from afar with a +0 spear!
You die...

. #...## #.. .. #
#..##z##.#
#####......#.#####
..................
......z###.#
.....zz#z#.# #####
#@#..# #...######'##
#...#.......#
#...#.....).#
#.<.........##########
#...#................#
#...#................#
#...#................#
#)..###########......#{


You could see 4 wights.

Vanquished Creatures
  4 gnolls (D:3)
  4 adders (D:2)
  A dart slug (D:2)
  4 orcs
  10 endoplasms
  4 giant cockroaches
  A hobgoblin (D:1)
  4 jackals (D:1)
  4 kobolds
  2 quokkas
  3 ball pythons
  7 bats
  3 frilled lizards
  3 goblins
  4 rats
58 creatures vanquished.

Notes
Turn   | Place    | Note
-------+----------+-------------------------------------------
     0 | D:1      | Partyfoot the Formicid Fighter began the quest for the Orb.
     0 | D:1      | Reached XP level 1. HP: 18/18 MP: 1/1
   169 | D:1      | Reached XP level 2. HP: 24/24 MP: 2/2
   478 | D:1      | Reached XP level 3. HP: 29/29 MP: 3/3
   976 | D:2      | Reached XP level 4. HP: 37/37 MP: 4/4
  1047 | D:2      | Found Weibuom's Jewellery Emporium.
  1673 | D:3      | Reached XP level 5. HP: 37/38 MP: 5/5
  1679 | D:3      | Reached skill level 5 in Shields
  2167 | D:3      | Found a glowing golden altar of the Shining One.
  2430 | D:4      | Mangled by a wight

Illustrated notes

Levels and vault maps discovered:
D:1:      matt_arrival_spirals, layout_loops_ring, corexii_corridor_pit
D:2:      layout_loops_ring, serial_shops, nicolae_shop_rolling_square,
          kennysheep_nub, chequers_serial_rivers_room_b
D:3:      layout_loops_ring, tso_oasis_becter
D:4:      layout_basic, general_overflow_altar,
          gammafunk_temple_overflow_elements, grunt_ministairs_3

Skill      XL: |  1  2  3  4  5 |
---------------+----------------+-----
Fighting       | 4 |  4.2
Armour         | 4 |  4.2
Shields        | 5 |  5.1
Staves         | 3 |  3.0

Action                     |  1- 3 |  4- 6 || total
---------------------------+-------+-------++-------
  Melee: Quarterstaff      |    80 |    88 ||   168
Ability: Dig               |       |     4 ||     4
 Armour: Scale mail        |    44 |    63 ||   107
  Dodge: Dodged            |    35 |    43 ||    78
  Block: Buckler           |    18 |    28 ||    46

Table legend: (Time is in decaauts)
 A = Elapsed time spent in this place.
 B = Non-inter-level travel time spent in this place.
 C = Inter-level travel time spent in this place.
 D = Time resting spent in this place.
 E = Time spent auto-exploring this place.
 F = Levels seen in this place.
 G = Mean time per level.
                   A        B        C        D        E       F      G
               +--------+--------+--------+--------+--------+-----+--------+
         Total |   2465 |   2425 |     40 |     67 |   1887 |   4 |  616.2 |
       Dungeon |   2465 |   2425 |     40 |     67 |   1887 |   4 |  616.2 |
               +--------+--------+--------+--------+--------+-----+--------+

Top non-repeatable levels by time:
     D:3: 863 daAuts
     D:2: 819 daAuts
     D:1: 725 daAuts
     D:4: 58 daAuts
